[ PARTIDA AOE2 · #467731862 ]
UnrankedMalíes vs Incas
[ ANÁLISIS DE REPETICIÓN · EXTRAÍDO DE LA PARTIDA GRABADA ]
Feudal
12:38
Castillos
25:48
Imperial
43:53
| APM promedio | 39.2 |
| APM pico | 72 |
| eAPM promedio | 22.4 |
| Aldeanos / militares | 168 / 128 |
Foco
⚔️ 25.7% · 🌾 74.3%
Camel Scout ×76 · Unknown (2626) ×60 · Gbeto ×44 · Fishing Ship ×31 · Galley ×4 · Demolition Raft ×2
Feudal
12:00
Castillos
25:03
Imperial
—
| APM promedio | 45.5 |
| APM pico | 95 |
| eAPM promedio | 20.9 |
| Aldeanos / militares | 120 / 65 |
Foco
⚔️ 29.2% · 🌾 70.8%
Archer ×60 · Fishing Ship ×7 · Unknown (2550) ×6 · Mangonel ×5
Feudal
14:34
Castillos
23:47
Imperial
—
| APM promedio | 22.8 |
| APM pico | 47 |
| eAPM promedio | 11.4 |
| Aldeanos / militares | 72 / 14 |
Foco
⚔️ 25.4% · 🌾 74.6%
Fishing Ship ×20 · Galley ×11 · Mangonel ×2 · Transport Ship ×1
Feudal
12:12
Castillos
26:08
Imperial
—
| APM promedio | 47.1 |
| APM pico | 100 |
| eAPM promedio | 25.3 |
| Aldeanos / militares | 148 / 33 |
Foco
⚔️ 22.6% · 🌾 77.4%
Unknown (1949) ×62 · Fire Galley ×31 · Fishing Ship ×8 · Monk ×2 · Trade Cart ×1
Feudal
—
Castillos
—
Imperial
—
| APM promedio | 42.6 |
| APM pico | 77 |
| eAPM promedio | 25.1 |
| Aldeanos / militares | 86 / 16 |
Foco
⚔️ 19.8% · 🌾 80.2%
Fishing Ship ×15 · Scorpion ×6 · Battering Ram ×5 · Mangonel ×4 · Transport Ship ×1
Feudal
14:15
Castillos
18:37
Imperial
36:18
| APM promedio | 58.1 |
| APM pico | 96 |
| eAPM promedio | 34.2 |
| Aldeanos / militares | 141 / 151 |
Foco
⚔️ 31.0% · 🌾 69.0%
Cavalry Archer ×121 · Konnik ×15 · Battering Ram ×11 · Fishing Ship ×10 · Mangonel ×2 · Spearman ×1
Feudal
14:26
Castillos
18:01
Imperial
32:22
| APM promedio | 29.2 |
| APM pico | 70 |
| eAPM promedio | 16.7 |
| Aldeanos / militares | 157 / 206 |
Foco
⚔️ 29.3% · 🌾 70.7%
Bolas Rider ×166 · Skirmisher ×19 · Kona ×17 · Fishing Ship ×10 · Trebuchet (Packed) ×4
Feudal
13:09
Castillos
18:26
Imperial
34:33
| APM promedio | 38.1 |
| APM pico | 82 |
| eAPM promedio | 24.4 |
| Aldeanos / militares | 171 / 93 |
Foco
⚔️ 28.7% · 🌾 71.3%
Scout Cavalry ×43 · Janissary ×38 · Fishing Ship ×9 · Bombard Cannon ×9 · Monk ×2 · Battering Ram ×1
Mapa de la partida
Recursos iniciales + cada clic de construcción. Líneas = muros · curvas = relieve. ◆ oro · ⬟ piedra · ● bayas · ✦ reliquia · ◌ hueco del cierre
Tu base· ✓ Cerrada en 25:48 · 35t muro · sin puerta
Base de Ancalagon14· Abierta — flanco sin cerrar
Base de manos· Abierta — hueco de 5t
Base de [MGG] El Diablo· Abierta — hueco de 12t
Base de vedousa· Abierta — hueco de 6t
Base de Ux'el noruego· Abierta — hueco de 13t
Base de Ps0Fa· Abierta — flanco sin cerrar
Base de AM | Pipi Romagnoli· Abierta — flanco sin cerrar
Terreno inicial suavizado · ◌ = hueco del cierre detectado · pasá el cursor para detalles
Inputs por minuto
— YYY___YYY - - Ancalagon14
Build order — YYY___YYY
Primeras 150 de 487 acciones detectadas
| 0:04 | Construir | Town Center |
| 2:21 | Crear | Villager (Male) |
| 2:21 | Crear | Villager (Male) |
| 2:22 | Crear | Villager (Male) |
| 2:22 | Crear | Villager (Male) |
| 2:22 | Crear | Villager (Male) |
| 2:25 | Construir | House |
| 2:44 | Construir | Dock |
| 3:27 | Crear | Fishing Ship |
| 3:41 | Investigar | Loom |
| 4:24 | Crear | Fishing Ship |
| 4:45 | Crear | Villager (Male) |
| 4:46 | Crear | Villager (Male) |
| 4:53 | Construir | House |
| 5:03 | Crear | Villager (Male) |
| 5:03 | Crear | Villager (Male) |
| 5:34 | Construir | House |
| 5:35 | Crear | Villager (Male) |
| 5:35 | Crear | Villager (Male) |
| 6:11 | Crear | Villager (Male) |
| 6:24 | Crear | Villager (Male) |
| 6:25 | Crear | Villager (Male) |
| 6:34 | Crear | Fishing Ship |
| 6:35 | Crear | Fishing Ship |
| 6:43 | Crear | Villager (Male) |
| 7:21 | Crear | Fishing Ship |
| 7:21 | Crear | Fishing Ship |
| 7:23 | Crear | Villager (Male) |
| 7:23 | Crear | Villager (Male) |
| 7:47 | Crear | Fishing Ship |
| 7:53 | Crear | Villager (Male) |
| 7:54 | Crear | Villager (Male) |
| 8:23 | Construir | House |
| 8:39 | Crear | Fishing Ship |
| 8:53 | Construir | House |
| 8:54 | Construir | Palisade Wall |
| 8:59 | Crear | Villager (Male) |
| 9:23 | Crear | Villager (Male) |
| 9:46 | Crear | Villager (Male) |
| 9:49 | Construir | Mining Camp |
| 10:28 | Investigar | Feudal Age |
| 10:29 | Investigar | Feudal Age |
| 10:36 | Construir | Lumber Camp |
| 11:33 | Construir | Dock |
| 11:54 | Crear | Villager (Male) |
| 12:00 | Construir | House |
| 12:02 | Construir | Palisade Wall |
| 12:32 | Construir | Dock |
| 12:38 | Edad | Edad Feudal |
| 12:41 | Crear | Galley ×2 |
| 12:41 | Crear | Galley ×2 |
| 12:44 | Crear | Villager (Male) |
| 12:52 | Investigar | Double-Bit Axe |
| 12:52 | Investigar | Double-Bit Axe |
| 13:07 | Crear | Villager (Male) |
| 13:24 | Construir | Blacksmith |
| 13:37 | Crear | Unit 2626 |
| 13:37 | Crear | Unit 2626 |
| 13:46 | Crear | Villager (Male) |
| 13:57 | Crear | Unit 2626 |
| 13:58 | Crear | Unit 2626 |
| 14:00 | Crear | Villager (Male) |
| 14:18 | Crear | Unit 2626 |
| 14:18 | Crear | Unit 2626 |
| 14:23 | Crear | Villager (Male) |
| 14:48 | Investigar | Forging |
| 14:50 | Construir | House |
| 15:00 | Crear | Unit 2626 ×3 |
| 15:00 | Crear | Unit 2626 ×3 |
| 15:23 | Crear | Unit 2626 ×2 |
| 15:45 | Crear | Villager (Male) |
| 15:47 | Crear | Unit 2626 |
| 16:16 | Construir | Dock |
| 16:28 | Crear | Villager (Male) |
| 16:28 | Crear | Villager (Male) |
| 16:34 | Construir | Palisade Wall |
| 16:35 | Construir | Palisade Wall |
| 16:36 | Construir | Palisade Wall |
| 16:37 | Construir | Palisade Wall |
| 16:43 | Construir | House |
| 16:44 | Construir | House |
| 16:50 | Crear | Unit 2626 ×3 |
| 16:50 | Crear | Unit 2626 ×3 |
| 16:50 | Crear | Unit 2626 |
| 17:24 | Construir | Dock |
| 17:33 | Crear | Unit 2626 |
| 17:34 | Crear | Unit 2626 |
| 17:36 | Crear | Villager (Male) |
| 17:36 | Crear | Villager (Male) |
| 17:40 | Construir | Mill |
| 18:02 | Crear | Unit 2626 |
| 18:05 | Crear | Unit 2626 |
| 18:09 | Crear | Villager (Male) |
| 18:09 | Crear | Villager (Male) |
| 18:20 | Crear | Villager (Male) |
| 18:20 | Crear | Villager (Male) |
| 18:24 | Crear | Unit 2626 ×3 |
| 18:25 | Crear | Unit 2626 ×3 |
| 18:35 | Construir | Palisade Wall |
| 18:40 | Crear | Villager (Male) |
| 18:54 | Construir | Mill |
| 19:03 | Construir | House |
| 19:05 | Construir | House |
| 19:08 | Crear | Villager (Male) |
| 19:16 | Crear | Unit 2626 |
| 19:16 | Crear | Unit 2626 |
| 19:43 | Crear | Unit 2626 ×2 |
| 19:43 | Crear | Unit 2626 ×2 |
| 20:02 | Construir | Lumber Camp |
| 20:07 | Crear | Villager (Male) |
| 20:07 | Crear | Villager (Male) |
| 20:21 | Construir | Palisade Wall |
| 20:37 | Construir | Mining Camp |
| 20:39 | Crear | Villager (Male) |
| 20:53 | Crear | Villager (Male) |
| 21:16 | Construir | Market |
| 21:30 | Crear | Villager (Male) |
| 22:04 | Crear | Villager (Male) |
| 22:06 | Construir | Lumber Camp |
| 22:31 | Crear | Unit 2626 ×4 |
| 22:32 | Crear | Unit 2626 ×4 |
| 23:08 | Investigar | Castle Age |
| 23:09 | Investigar | Castle Age |
| 23:28 | Construir | House |
| 23:29 | Construir | House |
| 23:30 | Construir | House |
| 23:37 | Crear | Unit 2626 ×4 |
| 23:37 | Crear | Unit 2626 ×4 |
| 23:54 | Investigar | Horse Collar |
| 23:54 | Investigar | Horse Collar |
| 24:05 | Crear | Villager (Male) |
| 24:41 | Crear | Unit 2626 ×3 |
| 24:42 | Crear | Unit 2626 ×3 |
| 25:48 | Edad | Edad de los Castillos |
| 25:51 | Investigar | War Galley (upgrade) |
| 25:54 | Investigar | Iron Casting |
| 25:55 | Crear | Villager (Male) |
| 25:55 | Crear | Villager (Male) |
| 25:55 | Crear | Villager (Male) |
| 26:12 | Construir | Castle |
| 26:18 | Construir | Castle |
| 26:32 | Investigar | Bow Saw |
| 26:32 | Investigar | Bow Saw |
| 26:37 | Construir | Town Center |
| 26:57 | Construir | Fish Trap |
| 27:00 | Construir | Fish Trap |
| 27:05 | Construir | Fish Trap |
| 27:07 | Construir | Fish Trap |
| 27:09 | Crear | Villager (Male) |
| 27:11 | Construir | House |
Build order — Ancalagon14
Primeras 150 de 336 acciones detectadas
| 0:04 | Construir | Town Center |
| 0:53 | Construir | Dock |
| 0:56 | Construir | House |
| 2:25 | Crear | Villager (Male) |
| 2:26 | Crear | Villager (Male) |
| 2:26 | Crear | Villager (Male) |
| 2:26 | Crear | Villager (Male) |
| 2:26 | Crear | Villager (Male) |
| 3:24 | Crear | Fishing Ship |
| 3:24 | Crear | Fishing Ship |
| 3:53 | Crear | Villager (Male) |
| 3:54 | Crear | Villager (Male) |
| 4:19 | Crear | Fishing Ship |
| 4:23 | Investigar | Loom |
| 5:00 | Crear | Villager (Male) |
| 5:26 | Crear | Villager (Male) |
| 5:26 | Crear | Villager (Male) |
| 5:31 | Construir | House |
| 5:37 | Crear | Villager (Male) |
| 5:37 | Crear | Villager (Male) |
| 6:04 | Crear | Fishing Ship |
| 6:24 | Crear | Villager (Male) |
| 6:25 | Crear | Villager (Male) |
| 6:25 | Crear | Villager (Male) |
| 6:48 | Crear | Fishing Ship |
| 6:53 | Crear | Villager (Male) |
| 6:54 | Crear | Villager (Male) |
| 7:35 | Crear | Fishing Ship |
| 7:36 | Crear | Villager (Male) |
| 7:48 | Crear | Villager (Male) |
| 7:48 | Crear | Villager (Male) |
| 8:20 | Crear | Villager (Male) |
| 8:21 | Crear | Fishing Ship |
| 9:08 | Construir | Settlement |
| 9:25 | Crear | Villager (Male) |
| 9:45 | Investigar | Feudal Age |
| 9:45 | Investigar | Feudal Age |
| 10:21 | Construir | Settlement |
| 11:26 | Crear | Villager (Male) |
| 11:26 | Crear | Villager (Male) |
| 11:37 | Construir | Barracks |
| 11:54 | Crear | Villager (Male) |
| 12:00 | Edad | Edad Feudal |
| 12:01 | Investigar | Double-Bit Axe |
| 12:01 | Investigar | Double-Bit Axe |
| 12:19 | Construir | Archery Range |
| 12:32 | Crear | Unit 2550 |
| 12:59 | Construir | Settlement |
| 13:02 | Crear | Archer |
| 13:03 | Crear | Archer |
| 13:20 | Crear | Villager (Male) |
| 13:36 | Crear | Archer |
| 13:37 | Crear | Villager (Male) |
| 14:07 | Crear | Villager (Male) |
| 14:14 | Construir | Watch Tower |
| 14:20 | Crear | Villager (Male) |
| 14:22 | Construir | Blacksmith |
| 14:25 | Crear | Archer |
| 14:48 | Construir | Watch Tower |
| 15:03 | Construir | Watch Tower |
| 15:07 | Crear | Archer |
| 15:08 | Crear | Villager (Male) |
| 15:08 | Crear | Villager (Male) |
| 15:17 | Investigar | Fletching |
| 15:23 | Crear | Archer |
| 15:45 | Crear | Villager (Male) |
| 15:47 | Crear | Villager (Male) |
| 15:49 | Crear | Archer |
| 15:49 | Crear | Archer |
| 16:08 | Construir | Watch Tower |
| 16:09 | Investigar | Town Watch |
| 16:17 | Crear | Archer |
| 16:18 | Crear | Villager (Male) |
| 16:23 | Construir | Farm |
| 16:23 | Construir | Farm |
| 16:24 | Construir | Farm |
| 16:24 | Construir | Farm |
| 16:27 | Construir | Farm |
| 17:05 | Construir | Watch Tower |
| 17:17 | Crear | Archer |
| 17:18 | Crear | Villager (Male) |
| 17:18 | Crear | Villager (Male) |
| 17:45 | Construir | Watch Tower |
| 17:52 | Crear | Archer |
| 17:53 | Crear | Villager (Male) |
| 17:53 | Crear | Villager (Male) |
| 18:15 | Construir | Palisade Wall |
| 18:21 | Crear | Archer |
| 18:47 | Crear | Archer |
| 18:47 | Crear | Villager (Male) |
| 19:00 | Crear | Villager (Male) |
| 19:04 | Crear | Archer |
| 19:05 | Crear | Villager (Male) |
| 19:23 | Construir | Watch Tower |
| 19:37 | Crear | Archer |
| 19:38 | Crear | Villager (Male) |
| 19:41 | Construir | Settlement |
| 19:41 | Construir | Farm |
| 19:42 | Construir | Farm |
| 19:42 | Construir | Farm |
| 19:42 | Construir | Farm |
| 19:42 | Construir | Farm |
| 19:43 | Construir | Farm |
| 19:43 | Construir | Farm |
| 20:01 | Construir | House |
| 20:23 | Crear | Archer |
| 20:24 | Crear | Villager (Male) |
| 20:54 | Crear | Villager (Male) |
| 21:28 | Crear | Villager (Male) |
| 21:30 | Crear | Unit 2550 |
| 21:36 | Construir | Market |
| 21:49 | Construir | Settlement |
| 21:51 | Crear | Villager (Male) |
| 22:16 | Crear | Villager (Male) |
| 22:21 | Investigar | Castle Age |
| 22:22 | Investigar | Castle Age |
| 22:49 | Crear | Unit 2550 |
| 22:59 | Investigar | Tech 1402 |
| 23:04 | Crear | Villager (Male) |
| 23:58 | Crear | Archer |
| 23:58 | Crear | Archer |
| 23:59 | Crear | Villager (Male) |
| 24:17 | Crear | Unit 2550 |
| 25:03 | Edad | Edad de los Castillos |
| 25:04 | Investigar | Bodkin Arrow |
| 25:04 | Investigar | Bodkin Arrow |
| 25:14 | Construir | University |
| 25:22 | Investigar | Forging |
| 25:26 | Investigar | Crossbowman (upgrade) |
| 25:27 | Investigar | Crossbowman (upgrade) |
| 25:29 | Crear | Archer |
| 25:32 | Crear | Villager (Male) |
| 25:57 | Construir | Castle |
| 26:04 | Investigar | Padded Archer Armor |
| 26:04 | Investigar | Padded Archer Armor |
| 26:07 | Crear | Unit 2550 |
| 26:08 | Crear | Unit 2550 |
| 26:09 | Crear | Archer |
| 26:10 | Crear | Villager (Male) |
| 26:18 | Investigar | Guard Tower (upgrade) |
| 26:18 | Investigar | Guard Tower (upgrade) |
| 26:18 | Investigar | Guard Tower (upgrade) |
| 26:27 | Crear | Archer |
| 26:28 | Crear | Villager (Male) |
| 26:28 | Crear | Villager (Male) |
| 27:24 | Construir | Outpost |
| 27:29 | Construir | Settlement |
| 27:38 | Crear | Archer |
| 27:45 | Crear | Villager (Male) |
| 27:45 | Crear | Villager (Male) |
Build order — manos
Primeras 150 de 156 acciones detectadas
| 0:30 | Construir | Town Center |
| 1:16 | Construir | Dock |
| 1:19 | Construir | House |
| 2:43 | Crear | Villager (Male) |
| 2:43 | Crear | Villager (Male) |
| 2:43 | Crear | Villager (Male) |
| 2:43 | Crear | Villager (Male) |
| 2:44 | Crear | Villager (Male) |
| 3:51 | Crear | Fishing Ship |
| 4:23 | Crear | Villager (Male) |
| 4:36 | Crear | Fishing Ship |
| 4:47 | Investigar | Loom |
| 4:53 | Construir | House |
| 5:29 | Crear | Villager (Male) |
| 5:50 | Crear | Fishing Ship |
| 6:38 | Construir | Palisade Wall |
| 6:46 | Crear | Villager (Male) |
| 6:50 | Construir | Palisade Wall |
| 7:05 | Construir | Palisade Wall |
| 7:06 | Construir | Palisade Wall |
| 7:08 | Construir | Palisade Wall |
| 7:12 | Crear | Fishing Ship |
| 7:12 | Crear | Fishing Ship |
| 8:09 | Construir | Palisade Wall |
| 8:11 | Construir | Palisade Wall |
| 8:22 | Crear | Villager (Male) |
| 8:30 | Crear | Villager (Male) |
| 8:30 | Crear | Villager (Male) |
| 8:37 | Construir | House |
| 8:48 | Construir | House |
| 9:03 | Crear | Villager (Male) |
| 9:04 | Crear | Villager (Male) |
| 9:29 | Crear | Fishing Ship |
| 9:29 | Crear | Fishing Ship |
| 10:11 | Construir | House |
| 10:13 | Crear | Fishing Ship |
| 10:39 | Crear | Villager (Male) |
| 10:39 | Crear | Villager (Male) |
| 11:31 | Crear | Villager (Male) |
| 11:37 | Construir | Mill |
| 11:54 | Crear | Villager (Male) |
| 12:19 | Investigar | Feudal Age |
| 12:29 | Construir | Mining Camp |
| 12:57 | Construir | Dock |
| 13:56 | Construir | Palisade Wall |
| 14:02 | Construir | Palisade Wall |
| 14:03 | Construir | Palisade Wall |
| 14:33 | Crear | Villager (Male) |
| 14:34 | Crear | Villager (Male) |
| 14:34 | Edad | Edad Feudal |
| 14:34 | Crear | Villager (Male) |
| 14:35 | Crear | Galley |
| 14:35 | Crear | Galley |
| 15:01 | Crear | Galley |
| 15:24 | Crear | Galley |
| 15:42 | Construir | House |
| 16:01 | Construir | House |
| 16:15 | Crear | Galley |
| 16:15 | Crear | Galley |
| 16:58 | Crear | Galley |
| 16:58 | Crear | Galley |
| 17:31 | Crear | Villager (Male) |
| 17:32 | Crear | Villager (Male) |
| 17:42 | Construir | Mining Camp |
| 17:52 | Crear | Galley |
| 19:01 | Construir | House |
| 19:03 | Construir | House |
| 19:10 | Construir | Market |
| 19:38 | Construir | Blacksmith |
| 20:31 | Construir | Watch Tower |
| 20:36 | Construir | House |
| 20:38 | Construir | House |
| 20:44 | Construir | House |
| 21:07 | Investigar | Castle Age |
| 21:39 | Crear | Galley |
| 21:39 | Crear | Galley |
| 21:43 | Crear | Fishing Ship |
| 21:43 | Crear | Fishing Ship |
| 21:44 | Crear | Fishing Ship |
| 23:16 | Construir | Mining Camp |
| 23:47 | Edad | Edad de los Castillos |
| 23:53 | Crear | Villager (Male) |
| 23:53 | Crear | Villager (Male) |
| 23:54 | Crear | Villager (Male) |
| 24:21 | Construir | Town Center |
| 24:26 | Crear | Villager (Male) |
| 24:26 | Crear | Villager (Male) |
| 24:26 | Crear | Villager (Male) |
| 24:27 | Crear | Villager (Male) |
| 24:27 | Crear | Villager (Male) |
| 24:27 | Crear | Villager (Male) |
| 24:54 | Construir | Lumber Camp |
| 25:33 | Crear | Villager (Male) |
| 25:33 | Crear | Villager (Male) |
| 25:34 | Crear | Villager (Male) |
| 25:43 | Investigar | Double-Bit Axe |
| 26:11 | Crear | Villager (Male) |
| 26:11 | Crear | Villager (Male) |
| 26:11 | Crear | Villager (Male) |
| 26:16 | Crear | Fishing Ship |
| 26:17 | Crear | Fishing Ship |
| 26:47 | Construir | Dock |
| 26:49 | Crear | Villager (Male) |
| 26:50 | Crear | Villager (Male) |
| 27:26 | Crear | Fishing Ship |
| 27:26 | Crear | Fishing Ship |
| 27:46 | Construir | House |
| 27:47 | Construir | House |
| 27:49 | Construir | House |
| 28:31 | Construir | Stone Wall |
| 28:57 | Construir | House |
| 29:05 | Crear | Villager (Male) |
| 29:06 | Crear | Villager (Male) |
| 29:06 | Crear | Villager (Male) |
| 29:07 | Crear | Villager (Male) |
| 29:07 | Crear | Villager (Male) |
| 29:45 | Crear | Fishing Ship ×5 |
| 29:53 | Construir | House |
| 29:55 | Construir | House |
| 29:57 | Construir | House |
| 30:39 | Construir | Town Center |
| 30:50 | Construir | Farm |
| 30:54 | Construir | Farm |
| 30:56 | Construir | Farm |
| 30:57 | Construir | Farm |
| 30:59 | Construir | Farm |
| 31:05 | Construir | Farm |
| 31:12 | Construir | Siege Workshop |
| 31:38 | Construir | Farm |
| 31:40 | Construir | Farm |
| 31:41 | Construir | Farm |
| 31:44 | Construir | Farm |
| 31:45 | Construir | Farm |
| 31:47 | Construir | Farm |
| 31:51 | Crear | Mangonel |
| 31:51 | Crear | Mangonel |
| 32:04 | Construir | House |
| 32:06 | Construir | House |
| 32:33 | Construir | Farm |
| 32:36 | Construir | Farm |
| 33:06 | Construir | Castle |
| 33:23 | Crear | Villager (Male) |
| 33:23 | Crear | Villager (Male) |
| 33:23 | Crear | Villager (Male) |
| 33:31 | Crear | Villager (Male) ×5 |
| 33:33 | Crear | Villager (Male) ×5 |
| 33:48 | Construir | Palisade Wall |
| 35:12 | Crear | Transport Ship |
| 42:10 | Construir | Town Center |
| 43:32 | Crear | Villager (Male) ×5 |
Build order — [MGG] El Diablo
Primeras 150 de 419 acciones detectadas
| 0:04 | Construir | Town Center |
| 0:28 | Construir | Dock |
| 1:55 | Construir | House |
| 1:58 | Construir | Palisade Wall |
| 2:28 | Crear | Villager (Male) |
| 2:28 | Crear | Villager (Male) |
| 2:29 | Crear | Villager (Male) |
| 2:29 | Crear | Villager (Male) |
| 2:29 | Crear | Villager (Male) |
| 3:43 | Crear | Villager (Male) |
| 3:49 | Crear | Fishing Ship |
| 4:27 | Construir | House |
| 4:46 | Investigar | Loom |
| 5:02 | Crear | Fishing Ship |
| 5:05 | Crear | Villager (Male) |
| 5:05 | Crear | Villager (Male) |
| 5:28 | Crear | Villager (Male) |
| 5:59 | Crear | Villager (Male) |
| 6:00 | Crear | Villager (Male) |
| 6:01 | Crear | Fishing Ship |
| 6:24 | Construir | House |
| 6:32 | Crear | Villager (Male) |
| 6:32 | Crear | Villager (Male) |
| 6:41 | Crear | Fishing Ship |
| 6:58 | Crear | Villager (Male) |
| 6:59 | Crear | Villager (Male) |
| 7:20 | Crear | Villager (Male) |
| 7:21 | Crear | Villager (Male) |
| 7:21 | Crear | Villager (Male) |
| 7:32 | Construir | House |
| 7:39 | Crear | Fishing Ship |
| 8:15 | Crear | Villager (Male) |
| 8:16 | Crear | Villager (Male) |
| 8:16 | Crear | Villager (Male) |
| 8:16 | Crear | Villager (Male) |
| 8:16 | Crear | Villager (Male) |
| 8:18 | Crear | Fishing Ship |
| 8:51 | Construir | House |
| 9:05 | Construir | Lumber Camp |
| 10:02 | Investigar | Feudal Age |
| 10:02 | Investigar | Feudal Age |
| 10:23 | Construir | Mining Camp |
| 10:46 | Construir | House |
| 10:56 | Construir | Dock |
| 11:35 | Construir | House |
| 11:37 | Construir | Palisade Wall |
| 12:12 | Edad | Edad Feudal |
| 12:14 | Crear | Villager (Male) |
| 12:14 | Crear | Villager (Male) |
| 12:15 | Crear | Fire Galley |
| 12:15 | Crear | Fire Galley |
| 12:22 | Investigar | Double-Bit Axe |
| 12:45 | Crear | Villager (Male) |
| 13:10 | Crear | Fire Galley |
| 13:10 | Crear | Fire Galley |
| 13:14 | Crear | Villager (Male) |
| 13:15 | Crear | Villager (Male) |
| 13:54 | Construir | Dock |
| 14:09 | Crear | Villager (Male) |
| 14:14 | Crear | Fire Galley |
| 14:14 | Crear | Fire Galley |
| 14:41 | Construir | Mill |
| 14:41 | Crear | Villager (Male) |
| 14:43 | Crear | Villager (Male) |
| 14:47 | Construir | House |
| 14:52 | Crear | Fire Galley |
| 14:52 | Crear | Fire Galley |
| 15:03 | Crear | Fire Galley |
| 15:31 | Crear | Fire Galley |
| 15:32 | Crear | Fire Galley |
| 15:33 | Crear | Fishing Ship |
| 15:33 | Crear | Villager (Male) |
| 15:36 | Crear | Villager (Male) |
| 16:02 | Crear | Fire Galley |
| 16:02 | Crear | Fire Galley |
| 16:17 | Crear | Fishing Ship |
| 16:18 | Crear | Villager (Male) |
| 16:20 | Crear | Villager (Male) |
| 16:36 | Construir | House |
| 17:09 | Crear | Fire Galley |
| 17:09 | Crear | Fire Galley |
| 17:10 | Crear | Fire Galley |
| 17:11 | Construir | House |
| 17:12 | Crear | Villager (Male) |
| 17:12 | Crear | Villager (Male) |
| 17:14 | Crear | Villager (Male) |
| 17:29 | Crear | Villager (Male) |
| 17:46 | Construir | House |
| 17:47 | Crear | Villager (Male) |
| 18:10 | Crear | Villager (Male) |
| 18:16 | Construir | Market |
| 18:21 | Construir | House |
| 18:56 | Construir | House |
| 19:06 | Construir | Lumber Camp |
| 19:11 | Crear | Villager (Male) |
| 19:19 | Construir | Mining Camp |
| 20:01 | Construir | House |
| 20:02 | Crear | Villager (Male) |
| 20:04 | Crear | Fire Galley |
| 20:04 | Crear | Fire Galley |
| 20:05 | Crear | Fire Galley |
| 20:24 | Crear | Villager (Male) |
| 20:31 | Construir | Lumber Camp |
| 20:44 | Construir | House |
| 20:53 | Construir | Mill |
| 20:57 | Crear | Villager (Male) |
| 21:03 | Construir | House |
| 21:07 | Crear | Fire Galley |
| 21:07 | Crear | Fire Galley |
| 21:07 | Crear | Fire Galley |
| 21:32 | Construir | House |
| 21:33 | Crear | Villager (Male) |
| 22:00 | Crear | Fire Galley |
| 22:00 | Crear | Fire Galley |
| 22:00 | Crear | Fire Galley |
| 22:08 | Crear | Villager (Male) |
| 22:39 | Crear | Villager (Male) |
| 22:44 | Construir | House |
| 22:50 | Construir | House |
| 23:03 | Crear | Villager (Male) |
| 23:06 | Construir | Blacksmith |
| 23:09 | Crear | Fire Galley |
| 23:09 | Crear | Fire Galley |
| 23:10 | Crear | Fire Galley |
| 23:15 | Construir | House |
| 23:28 | Investigar | Castle Age |
| 23:29 | Investigar | Castle Age |
| 23:53 | Construir | House |
| 23:59 | Construir | Barracks |
| 24:02 | Crear | Fire Galley |
| 24:02 | Crear | Fire Galley |
| 24:02 | Crear | Fire Galley |
| 24:12 | Investigar | Stone Mining |
| 24:13 | Investigar | Stone Mining |
| 24:13 | Investigar | Stone Mining |
| 24:48 | Construir | House |
| 26:02 | Construir | Stable |
| 26:08 | Edad | Edad de los Castillos |
| 26:15 | Construir | Castle |
| 26:19 | Crear | Villager (Male) |
| 26:19 | Crear | Villager (Male) |
| 26:23 | Investigar | War Galley (upgrade) |
| 26:31 | Construir | House |
| 27:02 | Crear | Villager (Male) |
| 27:05 | Construir | House |
| 27:07 | Investigar | Husbandry |
| 27:07 | Investigar | Bloodlines |
| 27:07 | Investigar | Bloodlines |
| 27:15 | Construir | House |
| 27:16 | Crear | Villager (Male) |
Build order — vedousa
Primeras 150 de 193 acciones detectadas
| 0:28 | Construir | Town Center |
| 1:16 | Construir | Dock |
| 1:19 | Construir | House |
| 2:45 | Crear | Villager (Male) |
| 2:45 | Crear | Villager (Male) |
| 2:45 | Crear | Villager (Male) |
| 2:48 | Crear | Villager (Male) |
| 2:48 | Crear | Villager (Male) |
| 3:50 | Crear | Fishing Ship |
| 3:50 | Crear | Fishing Ship |
| 4:17 | Construir | House |
| 4:21 | Crear | Villager (Male) |
| 4:52 | Investigar | Loom |
| 4:52 | Investigar | Loom |
| 4:57 | Crear | Villager (Male) |
| 4:58 | Crear | Villager (Male) |
| 5:24 | Crear | Villager (Male) |
| 5:24 | Crear | Villager (Male) |
| 5:33 | Crear | Fishing Ship |
| 5:33 | Crear | Fishing Ship |
| 5:53 | Crear | Villager (Male) |
| 6:09 | Crear | Villager (Male) |
| 6:09 | Crear | Villager (Male) |
| 6:14 | Construir | House |
| 6:49 | Crear | Villager (Male) |
| 6:49 | Crear | Villager (Male) |
| 6:50 | Crear | Villager (Male) |
| 6:51 | Crear | Villager (Male) |
| 6:58 | Crear | Fishing Ship |
| 6:58 | Crear | Fishing Ship |
| 7:04 | Construir | House |
| 7:31 | Crear | Villager (Male) |
| 7:31 | Crear | Villager (Male) |
| 7:41 | Crear | Fishing Ship |
| 7:41 | Crear | Fishing Ship |
| 8:11 | Crear | Villager (Male) |
| 8:12 | Crear | Villager (Male) |
| 8:12 | Crear | Villager (Male) |
| 8:28 | Crear | Villager (Male) |
| 8:38 | Construir | Mill |
| 8:42 | Crear | Villager (Male) |
| 9:08 | Construir | House |
| 9:26 | Crear | Villager (Male) |
| 9:55 | Construir | Mining Camp |
| 10:01 | Crear | Villager (Male) |
| 10:02 | Crear | Villager (Male) |
| 10:13 | Crear | Fishing Ship |
| 10:27 | Crear | Villager (Male) |
| 10:43 | Construir | House |
| 10:45 | Construir | Palisade Wall |
| 11:31 | Investigar | Feudal Age |
| 11:31 | Investigar | Feudal Age |
| 12:09 | Construir | Dock |
| 12:42 | Construir | Outpost |
| 12:52 | Construir | Palisade Wall |
| 13:15 | Crear | Villager (Male) |
| 13:16 | Crear | Villager (Male) |
| 13:16 | Crear | Villager (Male) |
| 13:18 | Crear | Villager (Male) |
| 13:21 | Crear | Fishing Ship |
| 13:26 | Crear | Fishing Ship |
| 13:49 | Construir | Market |
| 13:54 | Construir | Palisade Wall |
| 13:59 | Construir | House |
| 14:02 | Construir | Palisade Wall |
| 14:14 | Construir | Blacksmith |
| 14:17 | Crear | Villager (Male) |
| 14:26 | Construir | Watch Tower |
| 14:34 | Crear | Villager (Male) |
| 15:27 | Investigar | Castle Age |
| 15:27 | Investigar | Castle Age |
| 15:28 | Investigar | Castle Age |
| 15:37 | Construir | House |
| 15:39 | Construir | House |
| 15:42 | Construir | House |
| 15:46 | Construir | Lumber Camp |
| 15:47 | Construir | Mining Camp |
| 15:55 | Crear | Fishing Ship |
| 16:06 | Construir | House |
| 16:36 | Construir | Barracks |
| 16:38 | Investigar | Fletching |
| 16:45 | Construir | House |
| 16:50 | Investigar | Double-Bit Axe |
| 16:50 | Investigar | Double-Bit Axe |
| 16:59 | Crear | Villager (Male) |
| 17:15 | Construir | House |
| 17:18 | Construir | House |
| 17:20 | Construir | House |
| 17:24 | Crear | Villager (Male) |
| 17:45 | Construir | Archery Range |
| 17:55 | Construir | House |
| 18:05 | Construir | House |
| 18:18 | Construir | Siege Workshop |
| 18:39 | Crear | Villager (Male) |
| 18:47 | Investigar | Wheelbarrow |
| 19:05 | Construir | Palisade Wall |
| 19:09 | Construir | Palisade Wall |
| 19:19 | Crear | Mangonel |
| 19:37 | Crear | Villager (Male) |
| 19:53 | Crear | Villager (Male) |
| 20:06 | Construir | House |
| 20:23 | Crear | Villager (Male) |
| 20:47 | Crear | Battering Ram |
| 20:50 | Crear | Villager (Male) |
| 20:53 | Crear | Villager (Male) |
| 20:55 | Construir | House |
| 21:01 | Construir | Palisade Wall |
| 21:13 | Crear | Villager (Male) |
| 21:33 | Crear | Scorpion |
| 21:34 | Crear | Scorpion |
| 21:34 | Crear | Scorpion |
| 22:06 | Crear | Villager (Male) |
| 22:51 | Crear | Villager (Male) |
| 22:52 | Crear | Villager (Male) |
| 22:53 | Crear | Villager (Male) |
| 23:18 | Crear | Villager (Male) |
| 23:28 | Crear | Scorpion |
| 23:28 | Crear | Scorpion |
| 24:10 | Crear | Scorpion |
| 24:14 | Crear | Villager (Male) |
| 24:14 | Crear | Villager (Male) |
| 24:14 | Crear | Villager (Male) |
| 24:36 | Crear | Villager (Male) |
| 24:38 | Crear | Mangonel |
| 25:03 | Construir | House |
| 25:41 | Crear | Villager (Male) |
| 26:08 | Crear | Villager (Male) |
| 26:09 | Crear | Villager (Male) |
| 26:10 | Crear | Villager (Male) |
| 26:18 | Construir | Castle |
| 28:53 | Construir | Siege Workshop |
| 29:02 | Crear | Villager (Male) |
| 29:05 | Crear | Villager (Male) |
| 29:06 | Crear | Villager (Male) |
| 29:06 | Crear | Villager (Male) |
| 29:06 | Crear | Villager (Male) |
| 29:24 | Construir | House |
| 29:49 | Construir | Town Center |
| 29:54 | Crear | Villager (Male) |
| 30:22 | Crear | Battering Ram |
| 30:25 | Crear | Villager (Male) |
| 30:50 | Crear | Villager (Male) |
| 30:52 | Investigar | Bow Saw |
| 30:52 | Investigar | Bow Saw |
| 31:06 | Crear | Mangonel |
| 31:25 | Crear | Battering Ram |
| 31:28 | Crear | Villager (Male) |
| 31:50 | Crear | Villager (Male) |
| 32:19 | Crear | Mangonel |
| 32:39 | Crear | Villager (Male) |
Build order — Ux'el noruego
Primeras 150 de 426 acciones detectadas
| 0:02 | Construir | Town Center |
| 0:16 | Construir | Dock |
| 0:32 | Construir | House |
| 2:25 | Crear | Villager (Male) |
| 2:26 | Crear | Villager (Male) |
| 2:57 | Crear | Villager (Male) |
| 3:23 | Crear | Villager (Male) |
| 3:23 | Crear | Villager (Male) |
| 3:29 | Crear | Fishing Ship |
| 3:30 | Crear | Fishing Ship |
| 4:02 | Construir | House |
| 4:26 | Investigar | Loom |
| 4:30 | Construir | House |
| 4:39 | Crear | Fishing Ship |
| 4:39 | Crear | Fishing Ship |
| 4:39 | Crear | Fishing Ship |
| 4:44 | Construir | House |
| 5:12 | Crear | Villager (Male) |
| 5:13 | Crear | Villager (Male) |
| 5:38 | Crear | Villager (Male) |
| 5:39 | Crear | Villager (Male) |
| 5:51 | Crear | Fishing Ship |
| 5:58 | Crear | Villager (Male) |
| 6:16 | Construir | Palisade Wall |
| 6:20 | Crear | Villager (Male) |
| 6:20 | Crear | Villager (Male) |
| 6:21 | Crear | Villager (Male) |
| 6:37 | Construir | House |
| 6:51 | Crear | Villager (Male) |
| 6:52 | Crear | Villager (Male) |
| 7:15 | Crear | Fishing Ship |
| 7:47 | Construir | House |
| 7:50 | Crear | Villager (Male) |
| 8:17 | Crear | Villager (Male) |
| 8:26 | Crear | Fishing Ship |
| 8:44 | Crear | Villager (Male) |
| 9:04 | Crear | Villager (Male) |
| 9:20 | Crear | Fishing Ship |
| 9:24 | Construir | House |
| 9:27 | Construir | House |
| 9:30 | Crear | Villager (Male) |
| 9:44 | Crear | Villager (Male) |
| 10:12 | Construir | Mill |
| 10:25 | Crear | Villager (Male) |
| 10:35 | Construir | House |
| 10:35 | Construir | House |
| 10:40 | Crear | Villager (Male) |
| 11:06 | Crear | Fishing Ship |
| 11:15 | Crear | Villager (Male) |
| 11:30 | Crear | Villager (Male) |
| 11:30 | Investigar | Feudal Age |
| 12:07 | Construir | Lumber Camp |
| 13:00 | Construir | Mining Camp |
| 13:38 | Crear | Villager (Male) |
| 14:01 | Construir | Barracks |
| 14:10 | Construir | House |
| 14:15 | Edad | Edad Feudal |
| 14:17 | Investigar | Double-Bit Axe |
| 14:17 | Investigar | Double-Bit Axe |
| 14:38 | Crear | Villager (Male) |
| 14:44 | Construir | Archery Range |
| 14:59 | Crear | Villager (Male) |
| 15:20 | Construir | Blacksmith |
| 15:26 | Crear | Villager (Male) |
| 15:33 | Crear | Spearman |
| 15:57 | Investigar | Castle Age |
| 15:57 | Investigar | Castle Age |
| 16:42 | Construir | Palisade Gate |
| 16:44 | Construir | House |
| 17:06 | Construir | Palisade Gate |
| 17:10 | Construir | Palisade Gate |
| 17:11 | Construir | Palisade Wall |
| 17:12 | Construir | Palisade Wall |
| 17:48 | Construir | Archery Range |
| 17:59 | Crear | Villager (Male) |
| 18:14 | Investigar | Fletching |
| 18:37 | Edad | Edad de los Castillos |
| 18:38 | Crear | Villager (Male) |
| 18:43 | Construir | Town Center |
| 18:56 | Construir | Dock |
| 19:01 | Crear | Cavalry Archer |
| 19:01 | Crear | Cavalry Archer |
| 19:03 | Crear | Villager (Male) |
| 19:05 | Investigar | Bow Saw |
| 19:05 | Investigar | Bow Saw |
| 19:10 | Investigar | Horse Collar |
| 19:24 | Construir | House |
| 19:25 | Construir | House |
| 19:47 | Construir | Farm |
| 19:48 | Construir | Farm |
| 19:48 | Construir | Farm |
| 19:49 | Construir | Farm |
| 19:51 | Crear | Villager (Male) |
| 19:51 | Crear | Villager (Male) |
| 19:53 | Construir | Farm |
| 19:55 | Construir | Farm |
| 19:56 | Crear | Cavalry Archer |
| 19:56 | Crear | Cavalry Archer |
| 20:14 | Crear | Villager (Male) |
| 20:20 | Construir | Farm |
| 20:23 | Construir | Farm |
| 20:24 | Construir | Farm |
| 20:26 | Crear | Villager (Male) |
| 20:27 | Crear | Villager (Male) |
| 20:35 | Investigar | Bodkin Arrow |
| 20:46 | Crear | Villager (Male) |
| 20:46 | Crear | Villager (Male) |
| 20:52 | Construir | House |
| 20:52 | Construir | House |
| 21:01 | Crear | Cavalry Archer |
| 21:01 | Crear | Cavalry Archer |
| 21:09 | Construir | Farm |
| 21:10 | Construir | Farm |
| 21:41 | Crear | Villager (Male) |
| 21:41 | Crear | Villager (Male) |
| 21:52 | Crear | Cavalry Archer |
| 21:52 | Crear | Cavalry Archer |
| 22:17 | Crear | Villager (Male) |
| 22:17 | Crear | Villager (Male) |
| 22:18 | Crear | Villager (Male) |
| 22:21 | Construir | House |
| 22:24 | Construir | Town Center |
| 22:27 | Crear | Villager (Male) |
| 22:27 | Crear | Villager (Male) |
| 22:31 | Construir | Siege Workshop |
| 22:33 | Crear | Cavalry Archer |
| 22:34 | Crear | Cavalry Archer |
| 22:35 | Crear | Villager (Male) |
| 22:59 | Investigar | Wheelbarrow |
| 23:03 | Investigar | Heavy Plow |
| 23:20 | Crear | Villager (Male) |
| 23:20 | Crear | Villager (Male) |
| 23:21 | Investigar | Gold Mining |
| 23:31 | Construir | Farm |
| 23:32 | Construir | Farm |
| 23:41 | Crear | Villager (Male) |
| 23:41 | Crear | Villager (Male) |
| 23:54 | Crear | Mangonel |
| 23:57 | Crear | Villager (Male) |
| 24:00 | Crear | Villager (Male) |
| 24:01 | Crear | Villager (Male) |
| 24:08 | Crear | Villager (Male) |
| 24:08 | Crear | Villager (Male) |
| 24:11 | Construir | House |
| 24:11 | Construir | House |
| 24:19 | Crear | Cavalry Archer |
| 24:19 | Crear | Cavalry Archer |
| 24:27 | Investigar | Town Watch |
| 24:28 | Crear | Villager (Male) |
| 25:01 | Crear | Mangonel |
Build order — Ps0Fa
Primeras 150 de 349 acciones detectadas
| 0:33 | Construir | Town Center |
| 0:46 | Construir | House |
| 0:49 | Construir | Dock |
| 2:49 | Investigar | Loom |
| 2:50 | Crear | Villager (Male) ×4 |
| 3:48 | Crear | Villager (Male) |
| 3:49 | Crear | Villager (Male) |
| 4:38 | Construir | House |
| 4:51 | Crear | Villager (Male) |
| 4:51 | Crear | Villager (Male) |
| 5:29 | Crear | Fishing Ship |
| 5:40 | Crear | Villager (Male) |
| 5:40 | Crear | Villager (Male) |
| 6:01 | Construir | House |
| 6:07 | Crear | Villager (Male) |
| 6:07 | Crear | Villager (Male) |
| 6:25 | Crear | Fishing Ship |
| 6:50 | Crear | Villager (Male) |
| 6:51 | Crear | Villager (Male) |
| 6:59 | Construir | House |
| 7:10 | Crear | Villager (Male) |
| 7:10 | Crear | Villager (Male) |
| 7:29 | Crear | Villager (Male) |
| 7:30 | Crear | Villager (Male) |
| 7:51 | Crear | Villager (Male) |
| 7:52 | Crear | Villager (Male) |
| 8:08 | Crear | Fishing Ship |
| 8:13 | Crear | Villager (Male) |
| 8:14 | Crear | Villager (Male) |
| 8:30 | Crear | Villager (Male) |
| 8:37 | Crear | Fishing Ship |
| 8:41 | Construir | House |
| 9:14 | Crear | Villager (Male) |
| 9:18 | Crear | Fishing Ship |
| 9:46 | Crear | Villager (Male) |
| 10:01 | Construir | Settlement |
| 10:08 | Crear | Villager (Male) |
| 10:20 | Crear | Villager (Male) |
| 10:50 | Crear | Villager (Male) |
| 11:03 | Crear | Fishing Ship |
| 11:08 | Construir | House |
| 11:23 | Crear | Villager (Male) |
| 11:25 | Crear | Villager (Male) |
| 12:01 | Investigar | Feudal Age |
| 12:06 | Crear | Fishing Ship |
| 12:38 | Crear | Villager (Male) |
| 12:38 | Crear | Villager (Male) |
| 13:26 | Crear | Fishing Ship |
| 14:26 | Edad | Edad Feudal |
| 14:29 | Construir | Market |
| 14:33 | Construir | Blacksmith |
| 15:21 | Investigar | Castle Age |
| 15:34 | Crear | Fishing Ship |
| 16:02 | Crear | Villager (Male) |
| 16:02 | Crear | Villager (Male) |
| 16:18 | Crear | Fishing Ship |
| 17:34 | Construir | Dock |
| 17:36 | Construir | House |
| 17:44 | Investigar | Double-Bit Axe |
| 17:44 | Investigar | Horse Collar |
| 18:01 | Edad | Edad de los Castillos |
| 18:04 | Construir | Castle |
| 18:18 | Crear | Villager (Male) |
| 18:25 | Construir | Settlement |
| 18:37 | Crear | Villager (Male) |
| 18:49 | Construir | Town Center |
| 18:57 | Crear | Kona |
| 19:05 | Crear | Villager (Male) |
| 19:35 | Crear | Villager (Male) |
| 19:47 | Crear | Kona |
| 19:47 | Crear | Kona |
| 19:58 | Construir | Barracks |
| 20:00 | Crear | Villager (Male) |
| 20:14 | Construir | Town Center |
| 20:34 | Crear | Villager (Male) |
| 20:45 | Construir | Archery Range |
| 20:47 | Crear | Villager (Male) |
| 20:47 | Crear | Villager (Male) |
| 20:59 | Crear | Skirmisher |
| 21:00 | Crear | Skirmisher |
| 21:00 | Crear | Skirmisher |
| 21:13 | Crear | Villager (Male) |
| 21:18 | Construir | Settlement |
| 21:40 | Crear | Skirmisher |
| 21:40 | Crear | Skirmisher |
| 21:54 | Construir | Farm |
| 21:56 | Construir | Farm |
| 22:11 | Construir | Farm |
| 22:13 | Crear | Villager (Male) |
| 22:13 | Crear | Villager (Male) |
| 22:28 | Crear | Skirmisher |
| 22:28 | Crear | Skirmisher |
| 22:28 | Crear | Skirmisher |
| 22:37 | Crear | Villager (Male) |
| 22:41 | Investigar | Fletching |
| 22:45 | Crear | Villager (Male) |
| 22:45 | Crear | Villager (Male) |
| 22:58 | Crear | Skirmisher |
| 22:59 | Crear | Villager (Male) |
| 22:59 | Crear | Villager (Male) |
| 23:04 | Crear | Villager (Male) |
| 23:04 | Crear | Villager (Male) |
| 23:21 | Investigar | Padded Archer Armor |
| 23:24 | Crear | Villager (Male) |
| 23:25 | Crear | Villager (Male) |
| 23:33 | Crear | Skirmisher |
| 23:34 | Crear | Skirmisher |
| 23:35 | Crear | Villager (Male) |
| 23:36 | Crear | Villager (Male) |
| 24:02 | Crear | Villager (Male) |
| 24:05 | Investigar | Bodkin Arrow |
| 24:10 | Crear | Villager (Male) |
| 24:20 | Crear | Villager (Male) |
| 24:21 | Crear | Villager (Male) |
| 24:21 | Crear | Villager (Male) |
| 24:29 | Construir | Farm |
| 24:30 | Construir | Farm |
| 24:34 | Construir | Farm |
| 24:36 | Construir | Farm |
| 24:37 | Crear | Villager (Male) |
| 24:37 | Crear | Villager (Male) |
| 24:37 | Crear | Villager (Male) |
| 24:58 | Crear | Villager (Male) |
| 24:58 | Crear | Villager (Male) |
| 24:59 | Crear | Villager (Male) |
| 25:15 | Crear | Villager (Male) |
| 25:19 | Investigar | Elite Skirmisher (upgrade) |
| 25:20 | Crear | Skirmisher ×5 |
| 25:33 | Crear | Villager (Male) |
| 25:33 | Crear | Villager (Male) |
| 25:56 | Crear | Skirmisher |
| 26:04 | Crear | Villager (Male) |
| 26:14 | Crear | Villager (Male) |
| 26:32 | Construir | Castle |
| 26:42 | Crear | Skirmisher |
| 26:42 | Crear | Skirmisher |
| 26:43 | Investigar | Bow Saw |
| 26:56 | Construir | Town Center |
| 26:59 | Construir | House |
| 27:00 | Construir | House |
| 27:00 | Construir | House |
| 27:00 | Construir | House |
| 27:00 | Construir | House |
| 27:04 | Crear | Villager (Male) |
| 27:14 | Construir | House |
| 27:15 | Construir | House |
| 27:15 | Construir | House |
| 27:15 | Construir | House |
| 27:31 | Construir | Outpost |
| 27:38 | Crear | Villager (Male) |
Build order — AM | Pipi Romagnoli
Primeras 150 de 453 acciones detectadas
| 0:27 | Construir | Town Center |
| 0:36 | Construir | Dock |
| 1:20 | Construir | House |
| 1:21 | Construir | Palisade Wall |
| 1:22 | Construir | Palisade Wall |
| 1:31 | Construir | Palisade Wall |
| 2:40 | Crear | Villager (Male) |
| 2:40 | Crear | Villager (Male) |
| 2:40 | Crear | Villager (Male) |
| 2:41 | Crear | Villager (Male) |
| 2:41 | Crear | Villager (Male) |
| 2:41 | Crear | Villager (Male) |
| 2:55 | Investigar | Loom |
| 2:56 | Crear | Villager (Male) |
| 2:56 | Crear | Villager (Male) |
| 2:56 | Crear | Villager (Male) |
| 2:56 | Crear | Villager (Male) |
| 2:56 | Crear | Villager (Male) |
| 4:08 | Crear | Villager (Male) |
| 4:08 | Crear | Villager (Male) |
| 4:58 | Crear | Fishing Ship |
| 5:09 | Construir | House |
| 5:27 | Crear | Villager (Male) |
| 5:27 | Crear | Villager (Male) |
| 5:27 | Crear | Villager (Male) |
| 5:27 | Crear | Villager (Male) |
| 6:00 | Crear | Villager (Male) |
| 6:00 | Crear | Villager (Male) |
| 6:01 | Crear | Villager (Male) |
| 6:29 | Crear | Villager (Male) |
| 6:29 | Crear | Villager (Male) |
| 6:29 | Crear | Villager (Male) |
| 6:36 | Crear | Fishing Ship |
| 6:36 | Crear | Fishing Ship |
| 6:37 | Crear | Fishing Ship |
| 7:00 | Crear | Villager (Male) |
| 7:00 | Crear | Villager (Male) |
| 7:01 | Crear | Villager (Male) |
| 7:05 | Construir | House |
| 7:19 | Construir | House |
| 7:21 | Crear | Villager (Male) |
| 7:22 | Crear | Villager (Male) |
| 7:22 | Crear | Villager (Male) |
| 7:48 | Crear | Fishing Ship |
| 7:48 | Crear | Fishing Ship |
| 7:50 | Crear | Villager (Male) |
| 7:50 | Crear | Villager (Male) |
| 7:51 | Crear | Villager (Male) |
| 8:05 | Crear | Villager (Male) |
| 8:05 | Crear | Villager (Male) |
| 8:05 | Crear | Villager (Male) |
| 8:17 | Crear | Villager (Male) |
| 8:18 | Crear | Villager (Male) |
| 8:18 | Crear | Villager (Male) |
| 8:25 | Crear | Villager (Male) |
| 8:25 | Crear | Villager (Male) |
| 8:26 | Crear | Villager (Male) |
| 8:31 | Crear | Fishing Ship |
| 8:48 | Crear | Villager (Male) |
| 8:48 | Crear | Villager (Male) |
| 8:48 | Crear | Villager (Male) |
| 9:10 | Crear | Villager (Male) |
| 9:15 | Crear | Fishing Ship |
| 9:16 | Crear | Fishing Ship |
| 9:29 | Construir | House |
| 9:40 | Crear | Villager (Male) |
| 9:53 | Crear | Villager (Male) |
| 10:17 | Construir | Mill |
| 10:22 | Crear | Villager (Male) |
| 10:46 | Crear | Villager (Male) |
| 10:59 | Investigar | Feudal Age |
| 10:59 | Investigar | Feudal Age |
| 11:16 | Construir | Lumber Camp |
| 11:42 | Crear | Villager (Male) |
| 12:16 | Construir | Mining Camp |
| 12:43 | Construir | Palisade Wall |
| 12:50 | Construir | Palisade Wall |
| 12:53 | Crear | Villager (Male) |
| 13:09 | Edad | Edad Feudal |
| 13:14 | Crear | Villager (Male) |
| 13:20 | Construir | Market |
| 14:19 | Construir | Blacksmith |
| 14:24 | Construir | Palisade Wall |
| 14:26 | Crear | Villager (Male) |
| 14:50 | Crear | Villager (Male) |
| 15:46 | Investigar | Castle Age |
| 15:47 | Investigar | Castle Age |
| 15:47 | Investigar | Castle Age |
| 16:28 | Construir | House |
| 16:29 | Construir | Palisade Wall |
| 16:46 | Crear | Villager (Male) |
| 16:53 | Investigar | Double-Bit Axe |
| 16:56 | Construir | House |
| 16:57 | Investigar | Horse Collar |
| 17:20 | Construir | Outpost |
| 17:26 | Investigar | Town Watch |
| 18:26 | Edad | Edad de los Castillos |
| 18:38 | Construir | Outpost |
| 18:39 | Crear | Villager (Male) |
| 19:10 | Construir | Castle |
| 19:13 | Construir | House |
| 19:17 | Construir | House |
| 19:18 | Construir | House |
| 19:20 | Construir | Palisade Wall |
| 19:41 | Crear | Villager (Male) |
| 19:54 | Construir | Town Center |
| 20:07 | Construir | Palisade Gate |
| 20:10 | Construir | Palisade Gate |
| 20:14 | Construir | House |
| 20:16 | Construir | House |
| 20:18 | Construir | Palisade Wall |
| 20:30 | Construir | Lumber Camp |
| 20:40 | Construir | Palisade Wall |
| 20:42 | Construir | Palisade Wall |
| 21:05 | Crear | Villager (Male) |
| 21:10 | Construir | Palisade Wall |
| 21:22 | Crear | Villager (Male) |
| 21:23 | Crear | Janissary |
| 21:24 | Crear | Janissary |
| 21:33 | Crear | Villager (Male) |
| 21:52 | Construir | Monastery |
| 22:01 | Construir | House |
| 22:06 | Construir | House |
| 22:07 | Crear | Villager (Male) |
| 22:09 | Construir | House |
| 22:14 | Construir | House |
| 22:25 | Construir | Farm |
| 22:26 | Construir | Farm |
| 22:26 | Construir | Farm |
| 22:26 | Construir | Farm |
| 22:26 | Construir | Farm |
| 22:27 | Construir | Farm |
| 22:27 | Construir | Farm |
| 22:44 | Crear | Villager (Male) |
| 23:12 | Construir | Farm |
| 23:13 | Construir | Farm |
| 23:18 | Crear | Villager (Male) |
| 23:23 | Construir | House |
| 23:27 | Construir | Palisade Wall |
| 23:34 | Crear | Villager (Male) |
| 23:35 | Crear | Villager (Male) |
| 23:35 | Crear | Villager (Male) |
| 23:39 | Crear | Monk |
| 23:39 | Crear | Monk |
| 23:58 | Construir | Town Center |
| 24:03 | Crear | Villager (Male) |
| 24:06 | Crear | Villager (Male) |
| 24:08 | Construir | Farm |
| 24:13 | Construir | Palisade Wall |
| 24:16 | Construir | Farm |
Cronología de la partida
| 0:16 | Ux'el noruego · first_building Dock |
| 0:28 | [MGG] El Diablo · first_building Dock |
| 0:36 | AM | Pipi Romagnoli · first_building Dock |
| 0:49 | Ps0Fa · first_building Dock |
| 0:53 | Ancalagon14 · first_building Dock |
| 1:16 | vedousa · first_building Dock |
| 1:16 | manos · first_building Dock |
| 1:21 | AM | Pipi Romagnoli · wall_segment Palisade Wall x1 |
| 1:22 | AM | Pipi Romagnoli · wall_segment Palisade Wall x1 |
| 1:31 | AM | Pipi Romagnoli · wall_segment Palisade Wall x1 |
| 1:58 | [MGG] El Diablo · wall_segment Palisade Wall x1 |
| 2:44 | YYY___YYY · first_building Dock |
| 6:16 | Ux'el noruego · wall_segment Palisade Wall x1 |
| 6:38 | manos · wall_segment Palisade Wall x1 |
| 6:50 | manos · wall_segment Palisade Wall x1 |
| 7:05 | manos · wall_segment Palisade Wall x1 |
| 7:06 | manos · wall_segment Palisade Wall x1 |
| 7:08 | manos · wall_segment Palisade Wall x1 |
| 8:09 | manos · wall_segment Palisade Wall x1 |
| 8:11 | manos · wall_segment Palisade Wall x1 |
| 8:54 | YYY___YYY · wall_segment Palisade Wall x1 |
| 10:45 | vedousa · wall_segment Palisade Wall x7 |
| 11:37 | [MGG] El Diablo · wall_segment Palisade Wall x1 |
| 11:37 | Ancalagon14 · first_building Barracks |
| 12:00 | Ancalagon14 · age_up feudal |
| 12:02 | YYY___YYY · wall_segment Palisade Wall x10 |
| 12:12 | [MGG] El Diablo · age_up feudal |
| 12:19 | Ancalagon14 · first_building Archery Range |
| 12:38 | YYY___YYY · age_up feudal |
| 12:43 | AM | Pipi Romagnoli · wall_segment Palisade Wall x7 |
| 12:50 | AM | Pipi Romagnoli · wall_segment Palisade Wall x8 |
| 12:52 | vedousa · wall_segment Palisade Wall x1 |
| 13:09 | AM | Pipi Romagnoli · age_up feudal |
| 13:54 | vedousa · wall_segment Palisade Wall x1 |
| 13:56 | manos · wall_segment Palisade Wall x1 |
| 14:01 | Ux'el noruego · first_building Barracks |
| 14:02 | vedousa · wall_segment Palisade Wall x1 |
| 14:02 | manos · wall_segment Palisade Wall x1 |
| 14:03 | manos · wall_segment Palisade Wall x1 |
| 14:15 | Ux'el noruego · age_up feudal |
| 14:24 | AM | Pipi Romagnoli · wall_segment Palisade Wall x18 |
| 14:26 | Ps0Fa · age_up feudal |
| 14:34 | manos · age_up feudal |
| 14:44 | Ux'el noruego · first_building Archery Range |
| 14:59 | vedousa · first_market_sell 500 wood |
| 14:59 | vedousa · first_market_buy 100 food |
| 16:29 | AM | Pipi Romagnoli · wall_segment Palisade Wall x1 |
| 16:34 | YYY___YYY · wall_segment Palisade Wall x8 |
| 16:35 | YYY___YYY · wall_segment Palisade Wall x5 |
| 16:36 | vedousa · first_building Barracks |
| 16:36 | YYY___YYY · wall_segment Palisade Wall x1 |
| 16:37 | YYY___YYY · wall_segment Palisade Wall x2 |
| 17:11 | Ux'el noruego · wall_segment Palisade Wall x1 |
| 17:12 | Ux'el noruego · wall_segment Palisade Wall x1 |
| 17:45 | vedousa · first_building Archery Range |
| 18:01 | Ps0Fa · age_up castle |
| 18:04 | Ps0Fa · first_building Castle |
| 18:15 | Ancalagon14 · wall_segment Palisade Wall x1 |
| 18:18 | vedousa · first_building Siege Workshop |
| 18:26 | AM | Pipi Romagnoli · age_up castle |
| 18:35 | YYY___YYY · wall_segment Palisade Wall x9 |
| 18:37 | Ux'el noruego · age_up castle |
| 19:05 | vedousa · wall_segment Palisade Wall x1 |
| 19:09 | vedousa · wall_segment Palisade Wall x1 |
| 19:10 | AM | Pipi Romagnoli · first_building Castle |
| 19:20 | AM | Pipi Romagnoli · wall_segment Palisade Wall x1 |
| 19:58 | Ps0Fa · first_building Barracks |
| 20:18 | AM | Pipi Romagnoli · wall_segment Palisade Wall x1 |
| 20:21 | YYY___YYY · wall_segment Palisade Wall x1 |
| 20:40 | AM | Pipi Romagnoli · wall_segment Palisade Wall x1 |
| 20:42 | AM | Pipi Romagnoli · wall_segment Palisade Wall x7 |
| 20:45 | Ps0Fa · first_building Archery Range |
| 21:01 | vedousa · wall_segment Palisade Wall x9 |
| 21:10 | AM | Pipi Romagnoli · wall_segment Palisade Wall x13 |
| 21:16 | Ps0Fa · first_market_buy 100 wood |
| 21:21 | AM | Pipi Romagnoli · first_market_buy 100 food |
| 21:52 | AM | Pipi Romagnoli · first_building Monastery |
| 22:21 | Ancalagon14 · first_market_sell 100 food |
| 22:31 | Ux'el noruego · first_building Siege Workshop |
| 22:58 | [MGG] El Diablo · first_market_buy 100 food |
| 23:27 | AM | Pipi Romagnoli · wall_segment Palisade Wall x3 |
| 23:47 | manos · age_up castle |
| 23:59 | [MGG] El Diablo · first_building Barracks |
| 24:13 | AM | Pipi Romagnoli · wall_segment Palisade Wall x4 |
| 25:03 | Ancalagon14 · age_up castle |
| 25:33 | [MGG] El Diablo · first_market_sell 100 wood |
| 25:43 | AM | Pipi Romagnoli · first_building Siege Workshop |
| 25:48 | YYY___YYY · age_up castle |
| 25:48 | Ancalagon14 · first_market_buy 100 stone |
| 25:57 | Ancalagon14 · first_building Castle |
| 26:02 | [MGG] El Diablo · first_building Stable |
| 26:08 | [MGG] El Diablo · age_up castle |
| 26:12 | YYY___YYY · first_building Castle |
| 26:15 | [MGG] El Diablo · first_building Castle |
| 26:18 | vedousa · first_building Castle |
| 26:33 | Ux'el noruego · first_building Krepost |
| 27:22 | [MGG] El Diablo · first_building Monastery |
| 28:31 | manos · wall_segment Stone Wall x1 |
| 28:47 | YYY___YYY · first_market_buy 100 food |
| 29:38 | Ancalagon14 · first_building Siege Workshop |
| 31:09 | AM | Pipi Romagnoli · first_market_sell 100 stone |
| 31:12 | manos · first_building Siege Workshop |
| 31:35 | AM | Pipi Romagnoli · first_building Barracks |
| 31:56 | Ux'el noruego · first_building Stable |
| 32:22 | Ps0Fa · age_up imperial |
| 32:42 | Ux'el noruego · first_building Castle |
| 33:06 | manos · first_building Castle |
| 33:06 | AM | Pipi Romagnoli · first_building Stable |
| 33:48 | manos · wall_segment Palisade Wall x1 |
| 34:33 | AM | Pipi Romagnoli · age_up imperial |
| 34:49 | [MGG] El Diablo · first_building Siege Workshop |
| 36:15 | AM | Pipi Romagnoli · wall_segment Stone Wall x8 |
| 36:18 | Ux'el noruego · age_up imperial |
| 36:20 | AM | Pipi Romagnoli · wall_segment Stone Wall x5 |
| 36:22 | AM | Pipi Romagnoli · wall_segment Stone Wall x7 |
| 36:38 | YYY___YYY · wall_segment Stone Wall x1 |
| 36:39 | YYY___YYY · wall_segment Stone Wall x1 |
| 36:42 | YYY___YYY · wall_segment Stone Wall x1 |
| 36:44 | YYY___YYY · wall_segment Stone Wall x1 |
| 36:48 | YYY___YYY · first_building Barracks |
| 37:03 | YYY___YYY · wall_segment Stone Wall x8 |
| 37:32 | YYY___YYY · first_building Stable |
| 38:14 | AM | Pipi Romagnoli · wall_segment Palisade Wall x3 |
| 39:25 | AM | Pipi Romagnoli · wall_segment Stone Wall x5 |
| 39:54 | YYY___YYY · first_building Siege Workshop |
| 40:35 | YYY___YYY · first_market_sell 500 stone |
| 41:03 | vedousa · resign |
| 43:53 | YYY___YYY · age_up imperial |
[ ANÁLISIS IA · 1 CRÉDITO ]
¿Qué pasó realmente en esta partida?
Wolo.gg analiza cada decisión: build order, eco, micro, errores típicos por bracket. Análisis personalizado por WhatsApp o Discord en 30 segundos.
Guía civ
Malíes
Perfil
Jugador #5063993